Map: Deathaura LE

Players

AGOElazer (Elazer)

  • Race: Zerg Zerg
  • Spawn Location: 11:00

Reynor - Winner!

  • Race: Zerg Zerg
  • League: Master
  • Spawn Location: 5:00

Event: DreamHack SC2 Masters 2020 Winter

VOD

Have the link to the VOD?

Description

Time

  • Played on: Nov. 6, 2020, 1:38 p.m.
  • Length: 8:28

All games in this series

Show
View Real Time Build Order
Export as new Build Order

AGOElazer Zerg 

Build Orders: Hatch First, Roach Nydus 

Get SALT Encoding   

  12  0:00  Drone  
  13  0:12  Overlord  
  13  0:16  Drone  
  14  0:30  Drone x2  
  16  0:47  Hatchery  
  15  0:51  Drone  
  15  0:54  Drone  
  17  0:57  Drone  
  18  1:08  Extractor  
  17  1:13  Spawning Pool  
  17  1:16  Drone  
  17  1:19  Drone  
  18  1:27  Drone  
  19  1:38  Drone  
  20  1:49  Drone  
  21  1:59  Queen  
  21  2:00  Queen  
  21  2:01  Drone, Overlord  
  26  2:11  Drone x2  
  28  2:23  Drone x2  
  30  2:34  Overlord  
  30  2:35  Drone, Queen x2  
  35  2:43  Drone  
  36  2:49  Evolution Chamber, Drone  
  36  2:54  Drone x2  
  38  3:02  Roach Warren  
  38  3:04  Drone x2  
  39  3:09  Drone x5  
  44  3:16  Lair  
  44  3:20  Zerg Missile Weapons Level 1  
  44  3:22  Extractor  
  44  3:25  Extractor, Overlord  
  42  3:30  Drone x2  
  42  3:33  Overlord  
  44  3:41  Overlord  
  44  3:47  Roach x4  
  52  3:51  Overlord  
  52  3:59  Roach x3  
  58  4:03  Roach  
  60  4:12  Overlord  
  60  4:19  Nydus Network  
  60  4:21  Roach x2  
  63  4:25  Roach x2  
  67  4:32  Overlord  
  67  4:37  Roach x3  
  73  4:42  Roach x2  
  73  4:45  Overlord  
  77  4:50  Roach  
  79  4:55  Nydus Canal  
  81  5:00  Roach x2  
  81  5:05  Overlord  
  83  5:15  Roach  
  83  5:20  Queen  
  83  5:21  Roach x2  
  91  5:23  Nydus Canal  
  91  5:30  Roach  
  91  5:31  Roach  
  95  5:41  Roach  
  95  5:42  Roach  
  99  5:45  Nydus Canal  
  97  5:52  Roach  
  87  5:57  Roach x4  
  83  6:05  Roach  
  83  6:08  Queen x2, Roach  
  77  6:16  Roach  
  67  6:20  Roach  
  67  6:24  Roach  
  63  6:40  Glial Reconstitution  
  63  6:44  Drone x3  
  63  6:45  Drone  
  67  6:48  Drone, Hatchery  
  67  6:55  Drone x2  
  67  6:58  Drone  
  68  7:01  Drone  
  68  7:08  Drone x3  
  72  7:11  Overseer  
  72  7:12  Overlord  
  72  7:13  Drone x2  
  74  7:17  Extractor  
  74  7:19  Overlord  
  74  7:21  Drone  
  74  7:24  Drone  
  75  7:31  Overlord  
  75  7:34  Drone  
  75  7:36  Drone x3  
  79  7:41  Drone x2, Roach  
  79  7:43  Overlord  
  83  7:48  Roach  
  85  7:54  Roach  
  87  7:59  Roach  
  87  8:03  Roach  
  90  8:07  Roach x7  
  90  8:09  Overlord  
Show
View Real Time Build Order
Export as new Build Order

Reynor Zerg - Winner!

Build Orders: Hatch First 

Get SALT Encoding   

  12  0:00  Drone  
  13  0:12  Overlord  
  13  0:16  Drone  
  14  0:30  Drone x2  
  16  0:46  Hatchery  
  15  0:50  Drone  
  15  0:53  Drone  
  15  0:57  Drone  
  18  1:08  Extractor  
  17  1:13  Spawning Pool  
  17  1:15  Drone  
  17  1:18  Drone  
  18  1:27  Drone  
  19  1:38  Drone  
  20  1:49  Drone  
  21  1:59  Overlord  
  21  2:00  Queen x2, Zergling x2  
  26  2:09  Metabolic Boost  
  26  2:10  Drone  
  26  2:11  Drone  
  28  2:19  Drone  
  28  2:21  Drone  
  30  2:33  Hatchery  
  30  2:35  Drone  
  30  2:38  Drone  
  30  2:41  Drone  
  32  2:50  Evolution Chamber  
  31  2:51  Drone  
  31  2:52  Overlord  
  31  2:56  Drone  
  33  3:04  Drone x2  
  35  3:10  Drone, Queen  
  38  3:16  Zerg Ground Armor Level 1  
  38  3:18  Zergling x2  
  38  3:19  Zergling x2  
  40  3:25  Overlord  
  40  3:26  Zergling x2  
  41  3:27  Zergling x2  
  41  3:29  Zergling x2  
  41  3:32  Zergling x2  
  44  3:43  Drone  
  44  3:44  Drone x2  
  44  3:45  Drone x3  
  44  3:47  Zergling x2  
  51  3:55  Zergling x4  
  53  3:56  Drone  
  54  4:02  Overlord  
  54  4:07  Zergling x4  
  56  4:15  Zergling x4  
  56  4:16  Zergling x2  
  58  4:21  Drone x2  
  58  4:22  Drone x3, Extractor x2  
  58  4:23  Roach Warren  
  59  4:25  Overlord  
  59  4:31  Zergling x4  
  61  4:34  Drone  
  61  4:38  Overlord  
  62  4:43  Zergling x2  
  63  4:46  Drone  
  63  4:50  Overlord  
  64  4:58  Drone x2  
  66  5:03  Roach x4  
  66  5:06  Spine Crawler, Overlord  
  77  5:07  Roach x2  
  77  5:09  Lair, Roach  
  77  5:11  Roach  
  81  5:19  Roach x2  
  81  5:20  Overlord  
  85  5:22  Zergling x4, Roach  
  89  5:29  Roach  
  89  5:31  Ravager x2  
  89  5:33  Zergling x4  
  95  5:36  Ravager  
  95  5:37  Overlord  
  95  5:39  Zergling x4  
  97  5:44  Zergling x6  
  93  5:51  Zergling x2  
  93  5:53  Zergling x4  
  93  5:55  Zergling x6  
  93  5:56  Queen  
  93  6:03  Roach x2, Zergling x2  
  84  6:04  Zergling x2  
  84  6:05  Zergling x2  
  84  6:08  Roach  
  77  6:12  Queen  
  77  6:17  Roach, Zergling x2  
  71  6:19  Zergling x2  
  67  6:26  Drone  
  67  6:27  Drone, Zerg Missile Weapons Level 1  
  67  6:30  Drone  
  70  6:35  Ravager, Glial Reconstitution  
  70  6:38  Drone x2  
  70  6:39  Drone  
  74  6:47  Roach x2  
  74  6:53  Drone  
  78  6:58  Drone x2  
  78  7:02  Overlord  
  78  7:04  Roach x3  
  85  7:08  Drone  
  85  7:10  Drone  
  85  7:11  Roach  
  88  7:17  Evolution Chamber  
  88  7:19  Drone  
  88  7:22  Drone x2  
  90  7:29  Roach x3  
  96  7:30  Drone  
  96  7:33  Overlord  
  96  7:34  Drone x2  
  96  7:35  Drone  
  106  7:37  Roach x3  
  106  7:38  Drone  
  106  7:40  Pneumatized Carapace  
  106  7:41  Extractor  
  106  7:43  Overlord  
  106  7:44  Overseer  
  106  7:47  Roach x2  
  110  7:54  Drone  
  110  7:55  Drone  
  110  7:56  Drone  
  113  8:02  Drone x2  
  113  8:03  Drone x3  
  113  8:04  Drone  
  117  8:06  Drone  
  117  8:07  Extractor  
  117  8:10  Extractor  
  120  8:15  Drone  
  120  8:16  Drone  
Tags
 
Add a new tag
Caveats
  • Supply blocks, unpowered buildings, or Contaminate may cause inaccurate times.
  • Supply counts are checked every 10 seconds.